 Dungeon Crawl Stone Soup version 0.31-a0-1009-g454b1f1e0a (webtiles) character file.

Game seed: 8054137515410579433

1975 kae the Sneak (level 9, -8/50 (57) HPs)
             Began as a Demonspawn Enchanter on Nov 14, 2023.
             Was an Initiate of Dithmenos.
             Mangled by a wight
             ... wielding a +0 morningstar
              (15 damage)
             ... on level 7 of the Dungeon.
             The game lasted 00:07:04 (6322 turns).

kae the Sneak (Demonspawn Enchanter)                Turns: 6322, Time: 00:07:04

HP:   -8/50 (57)    AC:  5    Str: 13    XL:     9   Next: 0%
MP:   11/15         EV: 12    Int: 16    God:    Dithmenos [......]
Gold: 811           SH:  0    Dex: 14    Spells: 6/17 levels left

rFire   . . .        b - +3 dagger (speed)
rCold   . . .        (no shield)
rNeg    . . .        n - +0 robe
rPois   .            (helmet restricted)
rElec   .            p - +1 cloak
rCorr   .            (no gloves)
SInv    .            (no boots)
Will    .....        (no amulet)
Stlth   +++          (no ring)
HPRegen 0.28/turn    (no ring)
MPRegen 0.14/turn

%: no passive effects
@: heavily drained
A: antennae 1, powered by death 3, sharp scales 1
a: Renounce Religion


You were on level 7 of the Dungeon.
You worshipped Dithmenos.
Dithmenos was noncommittal.
You visited 2 branches of the dungeon, and saw 8 of its levels.

You collected 811 gold pieces.


Innate Abilities, Weirdness & Mutations

You have a pair of small antennae on your head.
You regenerate a lot of health from kills.
You are partially covered in razor-sharp scales. (AC +1, Slay +1)


   Skills:
 * Level 5.9 Short Blades
 - Level 1.7 Dodging
 * Level 6.8 Stealth
 + Level 4.5 Spellcasting
 + Level 5.6 Hexes
 - Level 3.0 Ice Magic


You had 6 spell levels left.
You knew the following spells:

 Your Spells              Type           Power      Damage    Failure   Level
a - Ensorcelled Hibernat  Hex/Ice        34%        N/A       4%          2
b - Confusing Touch       Hex            21%        N/A       4%          3
c - Tukima's Dance        Hex            21%        N/A       4%          3
d - Dazzling Flash        Conj/Hex       24%        N/A       16%         3

Your spell library contained the following spells:

 Spells                   Type           Power      Damage    Failure   Level
 Static Discharge         Conj/Air       6%         3-4/arc   24%         2
 Airstrike                Air            1%         2d(1-17)  85%         4
 Summon Lightning Spire   Summ/Air       3%         N/A       85%         4

Inventory:

Hand Weapons
 a - a +1 dagger
 b - a +3 dagger of speed (weapon)
   (You took it off Robin on level 2 of the Dungeon)
Missiles
 f - 39 stones
 q - a curare-tipped dart {=f}
 r - 8 poisoned darts
 s - 2 silver javelins
Armour
 i - a +0 helmet
   (You found it on level 1 of the Dungeon)
 n - a +0 robe (worn)
 p - a +1 cloak (worn)
   (You took it off Crazy Yiuf on level 2 of the Dungeon)
Magical Staves
 t - a staff of earth {!a}
   (You found it on level 3 of the Dungeon)
Wands
 d - a wand of acid (3)
   (You found it on level 3 of the Dungeon)
 y - a wand of polymorph (12)
   (You found it on level 6 of the Dungeon)
Scrolls
 g - a scroll of enchant armour {unknown}
 h - 4 scrolls of teleportation {@r4}
 u - 2 scrolls of poison {!r}
 v - a scroll of fear
Potions
 c - a potion of invisibility
 e - 2 potions of brilliance {unknown}
 j - 3 potions of curing {@q1}
 l - a potion of magic
 m - a potion of lignification {unknown}
 o - 2 potions of berserk rage {!q}
 w - a potion of attraction {unknown}
 x - a potion of cancellation {unknown}

Dungeon Overview and Level Annotations

Branches:
Dungeon (7/15) Zot: 26792  Temple (1/1) D:7 Zot: 5991

Altars:
Ashenzari
Cheibriados
Dithmenos
Fedhas
Gozag
Hepliaklqana
Makhleb
Nemelex Xobeh
Okawaru
Qazlal
Sif Muna
Trog
Uskayaw
Vehumet
Wu Jian
Xom

Shops:
D:2

=
......).)...............#
....#...#.###.#.z#.....z#
......)..........#.z....#
..###.)..........########
..####)..(........##
....)))............#####
..####...##...###.)....##
..# #...##....###z.....#
..# #..........@.#######
..# #.........z...# ..#
#...#.........# ..#
#####.......### ###
#.......# #########


You could see 2 wights.


Message History

Found a stone staircase leading down.
The wight moves out of view. 😎 MP[+1]
You feel yourself slow down.
g - a scroll labelled LIUCLU NEZXAXT 😎 MP[+1]
Casting: Ensorcelled Hibernation (safe; 4% risk of failure)
Confirm with . or Enter, or press ? or * to list all spells.
Aiming: Ensorcelled Hibernation (safe; 4% risk of failure)
Press: ? - help, Shift-Dir - straight line, f - gnoll
Aim: a gnoll, wielding a +0 whip (chance to affect: 59%)
The gnoll looks drowsy... 😎 MP[-2]
You lost 2 mp, and now have 9/15 mp.
The helpless gnoll fails to defend itself.
You stick the gnoll like a pincushion!!!
You kill the gnoll!
Dithmenos accepts your kill. 😎 MP[+1]
Things that are here:
a +0 whip; a gnoll corpse 3 wights come into view.
The wight moves out of view.
A wight comes into view.
It is wielding a +1 war axe. 😎 MP[+1] 😎 MP[+1]
Casting: Ensorcelled Hibernation (safe; 4% risk of failure)
Confirm with . or Enter, or press ? or * to list all spells.
Your hands begin to glow red.
You hear the creaking of a very distant portcullis. 😎 MP[-3]
You lost 3 mp, and now have 9/15 mp.
The wight hits you from afar with a +0 trident.
You feel drained. 😕 HP[-6]
You now have 55 max hp (-2).
You take 6 damage, and now have 51/55 hp.
The wight closely misses you.
The wight hits you from afar with a +0 trident!
You feel drained. 😮 HP[-13] MP[+1]
You now have 53 max hp (-2).
You take 13 damage, and now have 38/53 hp.
MASSIVE DAMAGE!! (PAUSE)
You hit the wight but do no damage. 😮 HP[+1] Unknown command.
You barely miss the wight.
The wight hits you with a +0 morningstar.
You feel drained. The wight misses you. 😮 HP[-8]
You now have 51 max hp (-2).
You take 8 damage, and now have 31/51 hp.
You hit the wight but do no damage.
Unknown command.
You hit the wight but do no damage. The wight barely misses you. x2
Unknown command.
You hit the wight but do no damage.
The wight appears confused.
Unknown command.
You hit the wight but do no damage. The wight closely misses you.
You hit the wight but do no damage.
Unknown command.
You hit the wight. The wight barely misses you.
The wight misses you. 😮 HP[+1] Unknown command.
You hit the wight. You hit the wight but do no damage.
The wight hits you from afar with a +0 trident. 😮 HP[-4]
You take 4 damage, and now have 28/51 hp.
You barely miss the wight. You hit the wight. The wight misses you.
Unknown command.
Unknown command.
Unknown command.
You hit the wight.
Unknown command.
You hit the wight. 😮 MP[+1] Unknown command.
You completely miss the wight. The wight misses you.
Unknown command.
You barely miss the wight.
The wight hits you with a +0 morningstar!
* * * LOW HITPOINT WARNING * * *
😨 HP[-11]
You take 11 damage, and now have 17/51 hp.
MASSIVE DAMAGE!! (PAUSE)
You hit the wight but do no damage.
The wight hits you from afar with a +0 trident!
* * * LOW HITPOINT WARNING * * *
You feel drained.
* * * LOW HITPOINT WARNING * * *
😱 HP[-10]
You now have 50 max hp (-1).
You take 10 damage, and now have 7/50 hp.
Unknown command.
You hit the wight but do no damage.
The wight hits you with a +0 morningstar!
You die...

Skill      XL: |  1  2  3  4  5  6  7  8 |
---------------+-------------------------+-----
Short Blades   | 1 2 3 4 5 |  5.9
Stealth        | 3 4 5 6 |  6.8
Ice Magic      | 1 2 3 |  3.0
Hexes          | 4 5 |  5.6
Spellcasting   | 3 4 |  4.5
Dodging        | |  1.7

Action                     |  1- 3 |  4- 6 |  7- 9 || total
---------------------------+-------+-------+-------++-------
  Melee: Dagger            |   133 |   149 |   190 ||   472
         Punch             |     1 |     3 |     2 ||     6
   Cast: Ensorcelled Hiber |     2 |    22 |    40 ||    64
         Confusing Touch   |       |       |     7 ||     7
    Use: Scroll            |     1 |     4 |     7 ||    12
         Potion            |       |       |     3 ||     3
   Stab: Sleeping          |    14 |    14 |    31 ||    59
         Confused          |       |       |     5 ||     5
         Invisible         |       |       |     4 ||     4
 Armour: Robe              |    93 |    66 |   116 ||   275
  Dodge: Dodged            |    97 |    68 |   120 ||   285

Levels and vault maps discovered:
D:1:      evilmike_arrival_rings, layout_loops_ring, grunt_decor_cap
D:2:      layout_loops_ring, serial_shops, nicolae_shop_real_fake_doors,
          dreamdust_ecumenical_altar_angels_and_demons, uniq_robin,
          uniq_crazy_yiuf_cottage
D:3:      layout_basic, fedhas_altar_1, serial_corexii_hall,
          corexii_hall_statues_i, chequers_hall_statues_corner_a,
          corexii_hall_statues_i, corexii_hall_statues_s
D:4:      layout_cave_pods, mainiacjoe_overflow_paths, uniq_sigmund,
          uniq_natasha, uniq_eustachio
D:5:      layout_cave_pools, mainiacjoe_overflow_concentric_impassable,
          kennysheep_mini_moat, mainiacjoe_overflow_tiny_flanked,
          chequers_serial_rivers_micro_e, chequers_avenue,
          minmay_misc_feat_hallway
D:6:      layout_gridville, mainiacjoe_overflow_chevrons, grunt_gozag_statues,
          mainiacjoe_overflow_catwalk, nicolae_uskayaw_murder_on_the_dancefloor,
          zin_scriptorium
D:7:      layout_rooms, minmay_temple_entry_junction, enter_bailey_3,
          nicolae_twisty_statue_hallways
Temple:   hellmonk_temple_rainy

Notes
Turn   | Place    | Note
-------+----------+-------------------------------------------
     0 | D:1      | kae the Demonspawn Enchanter began the quest for the Orb.
     0 | D:1      | Reached XP level 1. HP: 13/13 MP: 3/3
     0 | D:1      | magus.rc [v1.11.3]
   110 | D:1      | Reached skill level 1 in Short Blades
   192 | D:1      | Gained mutation: You regenerate a little health from kills.
                  | [demonic ancestry]
   192 | D:1      | Reached XP level 2. HP: 13/19 MP: 5/5
   256 | D:1      | You pick up a book of Storms and begin reading...
   256 | D:1      | You add the spells Static Discharge, Airstrike and Summon
                  | Lightning Spire to your library.
   525 | D:1      | HP: 4/19 [quokka (3)]
   532 | D:1      | HP: 2/19 [quokka (3)]
   596 | D:1      | Learned a level 2 spell: Ensorcelled Hibernation
   624 | D:1      | Gained mutation: You are partially covered in razor-sharp
                  | scales. (AC +1, Slay +1) [demonic ancestry]
   624 | D:1      | Reached XP level 3. HP: 19/24 MP: 6/6
   729 | D:1      | Reached skill level 3 in Stealth
  1177 | D:2      | Found a faded altar of an unknown god.
  1222 | D:2      | Identified the +6 hand axe "Kimiof" {drain, rF+ Will+ MP-9
                  | Str+6}
  1324 | D:2      | Noticed Robin
  1363 | D:2      | Reached skill level 2 in Short Blades
  1477 | D:2      | Killed Robin
  1564 | D:2      | Found Xaereluc's Jewellery Emporium.
  1804 | D:2      | Gained mutation: You regenerate health from kills. [demonic
                  | ancestry]
  1804 | D:2      | Reached XP level 4. HP: 30/30 MP: 7/7
  1921 | D:2      | Found a runed translucent door.
  1922 | D:2      | Noticed Crazy Yiuf
  1938 | D:2      | Killed Crazy Yiuf
  2344 | D:3      | Found a blossoming altar of Fedhas.
  2501 | D:3      | Reached skill level 1 in Ice Magic
  2517 | D:3      | Reached XP level 5. HP: 22/35 MP: 4/8
  2964 | D:3      | Learned a level 3 spell: Confusing Touch
  2968 | D:3      | Learned a level 3 spell: Tukima's Dance
  3092 | D:4      | Reached skill level 4 in Hexes
  3118 | D:4      | Noticed Natasha
  3127 | D:4      | Killed Natasha
  3128 | D:4      | Reached skill level 3 in Short Blades
  3128 | D:4      | Reached XP level 6. HP: 36/41 MP: 3/10
  3147 | D:4      | Reached skill level 4 in Stealth
  3242 | D:4      | Noticed Sigmund
  3348 | D:4      | Killed Sigmund
  3349 | D:4      | Reached skill level 3 in Spellcasting
  3669 | D:4      | Reached skill level 2 in Ice Magic
  3728 | D:4      | Noticed Eustachio
  3742 | D:4      | Killed Eustachio
  3743 | D:4      | Gained mutation: You have a pair of small antennae on your
                  | head. [demonic ancestry]
  3743 | D:4      | Reached XP level 7. HP: 42/46 MP: 6/11
  3842 | D:4      | Reached skill level 4 in Short Blades
  3969 | D:4      | Noticed Natasha
  3974 | D:4      | Killed Natasha
  3992 | D:4      | Noticed Natasha
  3998 | D:4      | Killed Natasha
  3999 | D:4      | Reached skill level 5 in Stealth
  4043 | D:4      | Found a shimmering altar of Xom.
  4396 | D:4      | Learned a level 3 spell: Dazzling Flash
  4429 | D:5      | Entered Level 5 of the Dungeon
  4524 | D:5      | Found an iron altar of Okawaru.
  4551 | D:5      | Found a radiant altar of Vehumet.
  5152 | D:5      | Identified a scroll of acquirement
  5152 | D:5      | Acquired 627 gold pieces
  5193 | D:6      | Found a burning altar of Makhleb.
  5279 | D:6      | Gained mutation: You regenerate a lot of health from kills.
                  | [demonic ancestry]
  5279 | D:6      | Reached XP level 8. HP: 43/52 MP: 6/13
  5336 | D:6      | Found a bloodstained altar of Trog.
  5376 | D:6      | Found an opulent altar of Gozag.
  5551 | D:6      | Reached skill level 5 in Hexes
  5556 | D:6      | Reached skill level 3 in Ice Magic
  5637 | D:6      | Found a hide-covered altar of Uskayaw.
  5659 | D:6      | Reached skill level 5 in Short Blades
  5861 | D:6      | Reached skill level 6 in Stealth
  5861 | D:6      | Reached skill level 4 in Spellcasting
  6158 | D:7      | Identified the +12 shortbow "Umur" {speed, Will+}
  6189 | D:7      | HP: 7/52 [gnoll bouda/arrow (16)]
  6195 | D:7      | HP: 8/52 [gnoll bouda/arrow (6)]
  6229 | D:7      | Reached XP level 9. HP: 27/57 MP: 6/15
  6241 | D:7      | Found a staircase to the Ecumenical Temple.
  6248 | Temple   | Entered the Ecumenical Temple
  6254 | Temple   | Became a worshipper of Dithmenos the Shadowed
  6321 | D:7      | HP: 8/51 [wight/+0 trident (9)]
  6322 | D:7      | Mangled by a wight

Vanquished Creatures
  Sigmund (D:4)
  Eustachio (D:4)
  2 water moccasins
  An orc warrior (D:7)
  2 black bears
  2 centaurs
  An ogre (D:6)
  A kobold brigand (D:3)
  2 bullfrogs
  A scorpion (D:4)
  2 hounds
  Crazy Yiuf (D:2)
  A jelly (D:5)
  A gnoll bouda (D:7)
  A sleepcap (D:5)
  2 orc priests
  An iguana (D:6)
  Natasha (thrice) (D:4)
  3 orc wizards
  Robin (D:2)
  12 gnolls
  2 adders
  A shadow imp (D:7)
  A white imp (D:5)
  2 ufetubi (D:4)
  2 dart slugs
  25 orcs
  6 ball pythons
  5 bats
  7 endoplasms
  2 giant cockroaches
  12 goblins
  13 hobgoblins
  3 kobolds
  2 quokkas (D:1)
  2 frilled lizards
  9 rats
136 creatures vanquished.

Vanquished Creatures (others)
  A gnoll bouda (D:7)
  A gnoll (D:7)
2 creatures vanquished.

Grand Total: 138 creatures vanquished

Table legend:
 A = Non-vault XP
 B = Vault XP
 C = Vault XP percentage of total XP
 D = Non-vault monster count
 E = Vault monster count
 F = Vault count percentage of total count
                 A         B        C        D         E       F
            +---------+---------+-------+---------+---------+-------
      Total |    2305 |     517 |  18.3 |     122 |      15 |  10.9
            +---------+---------+-------+---------+---------+-------
        D:1 |      50 |       0 |   0.0 |      28 |       0 |   0.0
        D:2 |      13 |      77 |  85.6 |       8 |      12 |  60.0
        D:3 |     164 |       0 |   0.0 |      16 |       0 |   0.0
        D:4 |     383 |     440 |  53.5 |      26 |       3 |  10.3
        D:5 |     287 |       0 |   0.0 |      14 |       0 |   0.0
        D:6 |     702 |       0 |   0.0 |       8 |       0 |   0.0
        D:7 |     706 |       0 |   0.0 |      22 |       0 |   0.0
            +---------+---------+-------+---------+---------+-------

Skill      XL: |  1  2  3  4  5  6  7  8 |
---------------+-------------------------+-----
Short Blades   | 1 2 3 4 5 |  5.9
Stealth        | 3 4 5 6 |  6.8
Ice Magic      | 1 2 3 |  3.0
Hexes          | 4 5 |  5.6
Spellcasting   | 3 4 |  4.5
Dodging        | |  1.7

Action                     |  1- 3 |  4- 6 |  7- 9 || total
---------------------------+-------+-------+-------++-------
  Melee: Dagger            |   133 |   149 |   190 ||   472
         Punch             |     1 |     3 |     2 ||     6
   Cast: Ensorcelled Hiber |     2 |    22 |    40 ||    64
         Confusing Touch   |       |       |     7 ||     7
    Use: Scroll            |     1 |     4 |     7 ||    12
         Potion            |       |       |     3 ||     3
   Stab: Sleeping          |    14 |    14 |    31 ||    59
         Confused          |       |       |     5 ||     5
         Invisible         |       |       |     4 ||     4
 Armour: Robe              |    93 |    66 |   116 ||   275
  Dodge: Dodged            |    97 |    68 |   120 ||   285

Illustrated notes

Table legend:
 A = Kills in this place as a percentage of kills in the entire game.
 B = Kills by you in this place as a percentage of kills by you in the entire game.
 C = Kills by friends in this place as a percentage of kills by friends in the entire game.
 D = Other kills in this place as a percentage of other kills in the entire game.
 E = Experience gained in this place as a percentage of experience gained in the entire game.
 F = Experience gained in this place divided by the number of levels of this place that you have seen.
                   A       B       C       D       E      F
               +-------+-------+-------+-------+-------+----------------------
         Total | 100.0 | 100.0 |   N/A | 100.0 | 100.0 | 352.8
       Dungeon | 100.0 | 100.0 |   N/A | 100.0 | 100.0 | 403.1
               +-------+-------+-------+-------+-------+----------------------

Table legend: (Time is in decaauts)
 A = Elapsed time spent in this place.
 B = Non-inter-level travel time spent in this place.
 C = Inter-level travel time spent in this place.
 D = Time resting spent in this place.
 E = Time spent auto-exploring this place.
 F = Levels seen in this place.
 G = Mean time per level.
                   A        B        C        D        E       F      G
               +--------+--------+--------+--------+--------+-----+--------+
         Total |   6135 |   5875 |    260 |    399 |   4247 |   8 |  766.9 |
       Dungeon |   6126 |   5866 |    260 |    399 |   4247 |   7 |  875.1 |
        Temple |      8 |      8 |      0 |      0 |      0 |   1 |    8.0 |
               +--------+--------+--------+--------+--------+-----+--------+

Top non-repeatable levels by time:
     D:4: 1340 daAuts
     D:3: 1031 daAuts
     D:1: 1019 daAuts
     D:2: 987 daAuts
     D:6: 868 daAuts
     D:5: 672 daAuts
     D:7: 207 daAuts
  Temple: 8 daAuts
